 Dungeon Crawl Stone Soup version 0.30.1 (webtiles) character file.

Game seed: 15744042763247030683

2925 monsoonserge the Protected (level 10, -6/86 HPs)
             Began as a Meteoran Cinder Acolyte on July 9, 2023.
             Was a High Priest of Ignis.
             Mangled by an orc warrior
             ... wielding a +0 glaive of flaming
              (14 damage)
             ... on level 6 of the Dungeon.
             The game lasted 00:27:45 (2630 turns).

monsoonserge the Protected (MeCA)                   Turns: 2630, Time: 00:27:46

Health: -6/86      AC: 21    Str: 15    XL:     10   Next: 27%
Magic:  7/14       EV: 11    Int: 16    God:    Ignis [*****.]
Gold:   210        SH:  0    Dex: 11    Spells: 11/13 levels left

rFire   + . .        y - +2 quarterstaff (chaos)
rCold   + + +        (shield currently unavailable)
rNeg    . . .        E - +0 scale mail
rPois   .            q - +1 helmet "Bukhib" {+Blink rC+++ Str-4 Slay+2}
rElec   .            z - +0 cloak
rCorr   .            G - +0 pair of gloves
SInv    .            c - +0 pair of boots
Will    +....        (no amulet) Stlth
                     (no ring)
HPRegen 0.34/turn    (no ring)
MPRegen 0.14/turn

%: no passive effects
@: lethally poisoned (-6 -> -11), about to teleport, fiery-armoured, glowing
A: sense surroundings 2, otherworldly, glowing, explore regen
a: Renounce Religion, Evoke Blink, Fiery Armour, Foxfire Swarm, Rising Flame


You were on level 6 of the Dungeon.
You worshipped Ignis.
Ignis was extremely pleased with you.
You visited 2 branches of the dungeon, and saw 7 of its levels.

You collected 210 gold pieces.

Inventory:

Hand Weapons
 a - a -1 mace of flaming
 y - a +2 quarterstaff of chaos (weapon)
 I - a +1 trident of freezing
Missiles
 g - 14 poisoned darts (quivered)
 h - 4 silver javelins
 F - 3 boomerangs
 H - a curare-tipped dart
Armour
 c - a +0 pair of boots (worn)
 l - a +0 chain mail
 m - a +0 ring mail
 q - the +1 helmet "Bukhib" (worn) {+Blink rC+++ Str-4 Slay+2}
   (You took it off Robin on level 3 of the Dungeon)

   Str:       It affects your strength (-4).
   Slay:      It affects your accuracy & damage with ranged weapons and melee
   (+2).
   rC:        It renders you almost immune to cold.
   +Blink:    It lets you blink.
 z - a +0 cloak (worn)
 E - a +0 scale mail (worn)
 G - a +0 pair of gloves (worn)
Wands
 B - a wand of polymorph (9)
Scrolls
 i - a scroll of noise {unknown}
 j - a scroll of poison {unknown}
 k - a scroll of torment {unknown}
 p - a scroll of acquirement {unknown}
 r - 2 scrolls of fear
 s - a scroll of immolation {unknown}
 u - 3 scrolls of enchant armour {unknown}
 v - 2 scrolls of amnesia
 C - 2 scrolls of identify
Potions
 b - a potion of attraction {unknown}
 e - a potion of brilliance {unknown}
 f - a potion of heal wounds {unknown}
 n - a potion of lignification {unknown}
 o - 3 potions of curing
 t - a potion of cancellation {unknown}
 w - a potion of berserk rage
 x - a potion of resistance
 A - a potion of might {unknown}
 D - a potion of ambrosia {unknown}


   Skills:
 + Level 7.3 Fighting
 - Level 6.0(7.3) Maces & Flails
 + Level 5.9(7.0) Staves
 + Level 3.1 Throwing
 + Level 8.2 Armour
 + Level 4.5 Dodging
 - Level 2.0 Spellcasting
 - Level 5.0 Fire Magic
 - Level 5.0 Evocations


You had 11 spell levels left.
You knew the following spells:

 Your Spells              Type           Power      Damage    Failure   Level
a - Scorch                Fire           34%        2d6       13%         2

Your spell library contained the following spells:

 Spells                   Type           Power      Damage    Failure   Level
 Magic Dart               Conj           4%         1d3       54%         1
 Sandblast                Erth           2%         2d4       54%         1
 Call Imp                 Summ           2%         N/A       69%         2
 Passwall                 Tmut/Erth      0%         N/A       69%         2
 Gell's Gravitas          Tloc           1%         N/A       89%         3
 Mephitic Cloud           Conj/Pois/Air  1%         N/A       89%         3
 Stone Arrow              Conj/Erth      2%         3d7       89%         3
 Teleport Other           Tloc           1%         N/A       89%         3
 Dispersal                Tloc           0%         N/A       100%        6


Dungeon Overview and Level Annotations

Branches:
Dungeon (6/15) Zot: 929    Temple (1/1) D:4 Zot: 589

Altars:
Kikubaaqudgha
Nemelex Xobeh

Shops:
D:2 (   D:6 ?


Innate Abilities, Weirdness & Mutations

You passively map the area around you.
You are easily found by Zot.
You glow in the dark.
You regain HP and MP as you explore.


Message History

The orc priest calls upon Beogh to heal the orc warrior.
The orc warrior is healed somewhat.
The orc warrior hits you with a +0 short sword.
The kobold brigand throws a poisoned dart.
The poisoned dart hits you!
You are more poisoned.
Press: ? - help, v - describe, . - travel
Here: a kobold brigand, wielding a +0 short sword and quivering poisoned darts (heavily wounded, more vulnerable to fire)
The floor.
You hit the orc warrior but do no damage.
The orc warrior is heavily wounded.
You feel very sick. The orc warrior misses you.
The orc warrior hits you with a +0 short sword.
* * * LOW HITPOINT WARNING * * *
The orc warrior is burned by your cloak of flames.
The orc warrior is heavily wounded.
The kobold brigand misses you.
You hit the orc warrior.
The orc warrior suddenly stops moving!
The orc warrior is heavily wounded.
You feel sick.
The kobold brigand is no longer more vulnerable to fire.
An ogre comes into view. It is wielding a +0 giant club.
The orc warrior hits you from afar with a +0 glaive of flaming!
* * * LOW HITPOINT WARNING * * *
The orc warrior burns you.
* * * LOW HITPOINT WARNING * * *
The kobold brigand hits you but does no damage.
The kobold brigand is burned by your cloak of flames.
The kobold brigand is severely wounded.
The kobold brigand hits you with a +0 club.
* * * LOW HITPOINT WARNING * * *
The kobold brigand is burned by your cloak of flames.
The kobold brigand is moderately wounded.
The helpless orc warrior fails to defend itself.
You hit the orc warrior. You freeze the orc warrior.
The orc warrior is severely wounded.
You feel sick.
The orc warrior is no longer paralysed.
The orc warrior hits you from afar with a +0 glaive of flaming!
You die...

≈≈≈~≈~≈)....~≈≈≈~≈≈≈≈~~≈≈
~~~~~~~~....~~≈~~~~~~≈~≈#*
* ~,
........†...............#
########''''#############,
~~ .......#....# , , ,* *
~~, )......#....# , * ,
.).).).)....', , # , ,
[##################'# * ~
, .).....#....#...@ooO#,,
* ~ ~
.........~≈.....KKo.# , ,
~ .........~~.......o.# ~
)......#....#..........
,*,
########....########.... ,
~ # #...##)..# .... ~ #
########## * ### , ~ , ,
,,, , , * ~~ ~~ ~ ~ *


You could see 2 orc warriors, 2 kobold brigands, an ogre and 2 orc priests.

Vanquished Creatures
  A two-headed ogre (D:6)
  The ghost of cdecastro the Cudgeller, an amateur TrFi (D:4)
  An orc warrior (D:6)
  A black bear (D:5)
  An ice beast (D:5)
  7 ogres
  A centaur (D:5)
  2 kobold brigands (D:6)
  2 bullfrogs
  A gnoll sergeant (D:6)
  A howler monkey (D:6)
  2 jellies
  Crazy Yiuf (D:5)
  2 orc priests
  2 sleepcaps
  8 hounds
  Jessica (D:3)
  An iguana (D:3)
  4 orc wizards
  Robin (D:3)
  2 gnolls (D:6)
  5 adders
  An ufetubus (D:4)
  2 worms
  3 dart slugs
  16 orcs
  5 ball pythons
  2 bats
  6 endoplasms
  3 giant cockroaches
  10 goblins
  8 hobgoblins
  11 jackals
  2 quokkas
  3 frilled lizards
  6 kobolds
  10 rats
136 creatures vanquished.

Notes
Turn   | Place    | Note
-------+----------+-------------------------------------------
     0 | D:1      | monsoonserge the Meteoran Cinder Acolyte began the quest
                  | for the Orb.
     0 | D:1      | Reached XP level 1. HP: 19/19 MP: 3/3
    90 | D:1      | Reached XP level 2. HP: 24/26 MP: 3/5
   261 | D:1      | Reached XP level 3. HP: 30/31 MP: 6/6
   456 | D:2      | Found a faded altar of an unknown god.
   463 | D:2      | Identified the +1 helmet "Bukhib" {+Blink rC+++ Str-4
                  | Slay+2}
   463 | D:2      | Noticed Robin
   480 | D:1      | Reached XP level 4. HP: 6/40 MP: 7/7
   555 | D:2      | Learned a level 2 spell: Scorch
   731 | D:2      | Reached skill level 5 in Maces & Flails
   731 | D:2      | Reached skill level 1 in Dodging
   810 | D:2      | Found a transporter.
   811 | D:2      | Found Pasis's Antique Weapon Emporium.
   813 | D:2      | Found a transporter.
   852 | D:2      | Reached skill level 1 in Armour
   869 | D:3      | Killed Robin
   870 | D:3      | Reached XP level 5. HP: 37/46 MP: 3/8
   903 | D:3      | Noticed Jessica
   908 | D:3      | Killed Jessica
  1150 | D:3      | Reached skill level 1 in Evocations
  1151 | D:3      | Found an ancient bone altar of Kikubaaqudgha.
  1237 | D:3      | Reached skill level 2 in Armour
  1335 | D:3      | Reached XP level 6. HP: 44/52 MP: 10/10
  1481 | D:4      | Found a staircase to the Ecumenical Temple.
  1500 | Temple   | Entered the Ecumenical Temple
  1530 | D:4      | Found a runed translucent door.
  1534 | D:4      | Noticed cdecastro's ghost (amateur TrFi)
  1542 | D:4      | Reached skill level 3 in Armour
  1548 | D:4      | Reached XP level 7. HP: 39/60 MP: 1/11
  1549 | D:4      | Killed cdecastro's ghost
  1550 | D:4      | Reached skill level 4 in Armour
  1782 | D:4      | Found a sparkling altar of Nemelex Xobeh.
  1850 | D:4      | Reached skill level 5 in Fighting
  1864 | D:4      | Reached XP level 8. HP: 68/68 MP: 9/12
  1872 | D:5      | Entered Level 5 of the Dungeon
  1956 | D:5      | Reached skill level 5 in Armour
  2058 | D:5      | Reached skill level 6 in Armour
  2088 | D:5      | Found a runed translucent door.
  2089 | D:5      | Noticed Crazy Yiuf
  2094 | D:5      | Killed Crazy Yiuf
  2211 | D:5      | Gained mutation: You passively map the area around you.
                  | [Meteoran growth]
  2211 | D:5      | Reached XP level 9. HP: 69/75 MP: 8/13
  2243 | D:5      | Reached skill level 5 in Evocations
  2275 | D:5      | Reached skill level 7 in Armour
  2277 | D:5      | Reached skill level 1 in Staves
  2420 | D:6      | Found Iledito's Magic Scroll Emporium.
  2560 | D:6      | Reached skill level 5 in Staves
  2560 | D:6      | Reached skill level 5 in Fire Magic
  2583 | D:6      | Reached XP level 10. HP: 30/84 MP: 4/14
  2587 | D:6      | Noticed a two-headed ogre
  2598 | D:6      | Killed a two-headed ogre
  2599 | D:6      | Reached skill level 8 in Armour
  2630 | D:6      | Mangled by an orc warrior

Illustrated notes

Levels and vault maps discovered:
D:1:      tarquinn_simple_flora_water_b, layout_basic
D:2:      layout_rooms, serial_shops, nicolae_shop_drivethru,
          ebering_ecumenical_altar_ruins, uniq_robin
D:3:      minmay_inner_zag, layout_basic, mainiacjoe_overflow_small_starburst,
          minivault_23, minmay_quantized, uniq_jessica
D:4:      layout_layer_cave, nemelex_diamond_rough_becter,
          minmay_temple_entry_large_hall, ebering_ghost_sewer_d
D:5:      layout_basic, grunt_ministairs_6, minmay_chambers_of_fives,
          uniq_crazy_yiuf_cottage
D:6:      lemuel_castle_with_subvaults [lemuel_castle_interior_carwin_3],
          layout_basic, tso_altar, serial_shops, nicolae_shop_hallway_stairs
Temple:   minmay_temple_curvy_loop

Skill      XL: |  1  2  3  4  5  6  7  8  9 10 |
---------------+-------------------------------+-----
Fire Magic     | 4 5 |  5.0
Fighting       | 4 5 6 7 |  7.3
Maces & Flails | 5 6 |  6.0
Dodging        | 1 2 3 4 |  4.5
Armour         | 1 2 3 4 6 7 8 |  8.2
Spellcasting   | 2 |  2.0
Evocations     | 1 2 3 4 5 |  5.0
Staves         | 5 |  5.9
Throwing       | 3 |  3.1

Action                     |  1- 3 |  4- 6 |  7- 9 | 10-12 || total
---------------------------+-------+-------+-------+-------++-------
  Melee: Mace              |    71 |   100 |    58 |       ||   229
         Quarterstaff      |       |       |   114 |    10 ||   124
         Punch             |       |       |     1 |       ||     1
  Throw: Dart              |       |       |       |     4 ||     4
   Cast: Scorch            |       |    35 |    47 |     4 ||    86
 Invoke: Fiery Armour      |       |       |     1 |       ||     1
    Use: Scroll            |       |     7 |       |     1 ||     8
   Stab: Paralysed         |       |       |     3 |     1 ||     4
 Armour: Robe              |    19 |     1 |       |       ||    20
         Ring mail         |       |    43 |    69 |       ||   112
         Chain mail        |       |     5 |       |       ||     5
         Scale mail        |       |       |    30 |     1 ||    31
  Dodge: Dodged            |    42 |    55 |   110 |     5 ||   212
